 Dungeon Crawl Stone Soup version 0.32-a0-976-g7161d331b1 (webtiles) character file.

Game seed: 3823301825497449876

96020 P0WERM0DE the Warrior (level 16, -14/157 HPs)
             Began as a Coglin Chaos Knight on Apr 20, 2024.
             Was a Plaything of Xom.
             Demolished by a +3 antimagic triple sword (21 damage)
             ... on level 2 of the Elven Halls.
             The game lasted 00:36:32 (11192 turns).

P0WERM0DE the Warrior (Coglin Chaos Knight)        Turns: 11192, Time: 00:36:33

Health: -14/157    AC: 14    Str: 20    XL:     16   Next: 15%
Magic:  0/22       EV: 10    Int: 35    God:    Xom [...*..]
Gold:   729        SH:  0    Dex: 14    Spells: 23/37 levels left

rFire   . . .        a - +6 broad axe of the Vaults {freeze, Str+4 Int+6}
rCold   + + .        b - +5 broad axe (holy) {Æðelind}
rNeg    . . .        R - +1 troll leather armour
rPois   +            J - +2 hat {Int+3}
rElec   .            v - +2 cloak
rCorr   .            X - +2 pair of gloves
SInv    +            j - +1 pair of boots of Duck's Teeth {-Tele Regen+ MP-9 Int+6}
Will    ++...        (amulet unavailable)
Stlth   +            (ring unavailable)
HPRegen 2.06/turn    (ring unavailable)
MPRegen 0.18/turn    E - neosecondary compensator {rC+ Will+ Clar RMsl}

%: no teleportation, repel missiles, clarity
@: fugue, cleaving, hasted, studying Air Magic, revved, very quick
A: off-hand wielding, slow wielding, warmup strikes, no jewellery, horns 1, see
invisible, clarity, clever 1, cold resistance 1, poison resistance, robust 1,
strong 1, inability to read after injury 1
a: Renounce Religion


You were on level 2 of the Elven Halls.
You worshipped Xom.
You were a favourite toy of Xom.
You visited 5 branches of the dungeon, and saw 23 of its levels.
You also visited: Bailey.

You collected 2044 gold pieces.
You spent 1315 gold pieces at shops.

Inventory:

Hand Weapons
 a - the +6 broad axe of the Vaults (weapon) {freeze, Str+4 Int+6}
   (You acquired it on level 6 of the Dungeon)

   Str+4:     It affects your strength (+4).
   Int+6:     It affects your intelligence (+6).
 b - a +5 broad axe of holy wrath (offhand) {Æðelind}
   (You acquired it on level 9 of the Dungeon)
 l - a +1 spectral demon blade
   (You took it off Asterion on level 2 of the Elven Halls)
 m - the +7 whip "Juanirro" {elec, rElec rC- Str+7 Dex-3}
   (You found it on level 3 of the Dungeon)

   Str+7:     It affects your strength (+7).
   Dex-3:     It affects your dexterity (-3).
   rC-:       It makes you vulnerable to cold.
   rElec:     It insulates you from electricity.
 s - a +4 executioner's axe
   (You took it off an orc warlord in a bailey)
 F - a +4 scimitar of flaming
   (You took it off Erica on level 9 of the Dungeon)
Missiles
 x - 4 javelins
 A - 30 boomerangs
 D - 3 curare-tipped darts (quivered)
 I - 48 poisoned darts
 P - 2 throwing nets
Armour
 j - the +1 pair of boots of Duck's Teeth (worn) {-Tele Regen+ MP-9 Int+6}
   (You bought it in a shop on level 2 of the Orcish Mines)

   Int+6:     It affects your intelligence (+6).
   MP-9:      It affects your magic capacity (-9).
   -Tele:     It prevents most forms of teleportation.
   Regen+:    It increases your rate of health regeneration.
 v - a +2 cloak (worn)
   (You found it on level 12 of the Dungeon)
 C - a +2 robe of fire resistance
   (You took it off an orc sorcerer on level 1 of the Orcish Mines)
 J - a +2 hat of intelligence (worn)
   (You took it off Gastronok on level 9 of the Dungeon)
 R - a +1 troll leather armour (worn)
   (You found it on level 11 of the Dungeon)
 X - a +2 pair of gloves (worn)
   (You found it on level 11 of the Dungeon)
Gizmo
 E - a neosecondary compensator (installed) {rC+ Will+ Clar RMsl}
   (You invented it yourself on level 12 of the Dungeon)

   [neosecondary compensator]

   rC+:       It protects you from cold.
   Will+:     It increases your willpower.
   Clar:      It protects you from confusion, rage, mesmerisation and fear.
   RMsl:      It protects you from missiles.
Talismans
 f - a granite talisman
   (You took it off Roxanne on level 2 of the Elven Halls)
 y - a serpent talisman
   (You found it on level 8 of the Dungeon)
Wands
 K - a wand of flame (26)
   (You found it on level 9 of the Dungeon)
 N - a wand of paralysis (3)
   (You found it on level 4 of the Lair of Beasts)
 Q - a wand of quicksilver (5)
   (You found it on level 10 of the Dungeon)
Scrolls
 c - 3 scrolls of butterflies
 g - 2 scrolls of fog
 o - 2 scrolls of brand weapon
 p - 2 scrolls of fear
 r - a scroll of identify
 t - 6 scrolls of teleportation
 z - 4 scrolls of blinking
 B - a scroll of amnesia
 L - a scroll of revelation
 M - 3 scrolls of poison
 W - a scroll of vulnerability
Potions
 d - 2 potions of mutation
 e - 2 potions of attraction
 h - 2 potions of haste
 i - 5 potions of lignification
 k - 6 potions of magic
 n - 3 potions of resistance
 q - 4 potions of curing
 u - a potion of berserk rage
 w - a potion of heal wounds
 H - 5 potions of ambrosia


   Skills:
 - Level 18.0 Fighting
 * Level 16.9 Axes
 - Level 1.7 Armour
 - Level 0.8 Dodging
 - Level 11.1 Spellcasting
 - Level 9.3 Air Magic
 - Level 6.0 Alchemy
 - Level 11.9 Evocations
 * Level 5.5 Shapeshifting


You had 23 spell levels left.
You knew the following spells:

 Your Spells              Type           Power      Damage    Failure   Level
a - Apportation           Tloc           38%        N/A       2%          1
b - Blink                 Tloc           38%        N/A       3%          2
c - Vhi's Electric Charg  Tloc/Air       100%       N/A       3%          4
d - Frozen Ramparts       Ice            38%        1d6       8%          3
q - Olgreb's Toxic Radia  Alch           57%        N/A       2%          4

Your spell library contained the following spells:

 Spells                   Type           Power      Damage    Failure   Level
 Sting                    Conj/Alch      100%       1d9       1%          1
 Cigotuvi's Dreadful Rot  Necr/Alch/Air  100%       N/A       1%          2
 Mercury Vapours          Alch/Air       100%       N/A       1%          2
 Static Discharge         Conj/Air       100%       3-8/arc   1%          2
 Kiss of Death            Conj/Necr      76%        2d11      2%          1
 Magic Dart               Conj           76%        1d6       2%          1
 Slow                     Hex            76%        N/A       2%          1
 Call Imp                 Summ           38%        N/A       3%          2
 Jinxbite                 Hex            38%        N/A       3%          2
 Momentum Strike          Conj/Tloc      38%        3d9       3%          2
 Alistair's Intoxication  Alch           38%        N/A       6%          5
 Call Canine Familiar     Summ           19%        N/A       8%          3
 Confusing Touch          Hex            19%        N/A       8%          3
 Ozocubu's Armour         Ice            19%        N/A       8%          3
 Teleport Other           Tloc           19%        N/A       8%          3
 Vampiric Draining        Necr           19%        2d7       8%          3
 Arcjolt                  Conj/Air       25%        1d35      11%         5
 Dispel Undead            Necr           19%        3d11      26%         4
 Iskenderun's Mystic Bla Conj/Tloc 19%            2d6        (+2d2     26%         4
 Martyr's Knell           Necr/Summ      19%        N/A       26%         4
 Plasma Beam              Fire/Air       25%        2x1d38    50%         6
 Fireball                 Conj/Fire      9%         3d6       56%         5
 Metabolic Englaciation   Hex/Ice        9%         N/A       56%         5
 Summon Cactus Giant      Summ           9%         N/A       98%         6
 Summon Hydra             Summ           9%         N/A       100%        7


Dungeon Overview and Level Annotations

Branches:
Dungeon (13/15)            Temple (1/1) D:5            Lair (5/5) D:8
  Swamp (0/4) Lair:2        Snake (0/4) Lair:3        Slime (0/5) Lair:4
    Orc (2/2) D:9             Elf (2/3) Orc:2        Vaults (0/5) D:13
 Bailey (visited)

Altars:
Ashenzari
Cheibriados
Elyvilon
Fedhas
Gozag
Kikubaaqudgha
Makhleb
Nemelex Xobeh
Okawaru
Qazlal
Ru
Sif Muna
Trog
Uskayaw
Vehumet
Wu Jian
Xom
Yredelemnul
Zin
The Shining One

Shops:
Orc:2 ([*:   Elf:2 (*[


Innate Abilities, Weirdness & Mutations

You can wield a second weapon in your off-hand.
It takes a long time for you to wield or remove held weapons.
Your first few attacks do less damage.
You cannot equip rings or amulets.
You have a pair of small horns on your head.
You have supernaturally acute eyesight. (SInv)
You possess an exceptional clarity of mind.
Your mind is acute. (Int +4, Str/Dex -1)
Your flesh is cold resistant. (rC+)
Your system is resistant to poisons. (rPois)
You are robust. (+10% HP)
Your muscles are strong. (Str +4, Int/Dex -1)
You occasionally lose the ability to read scrolls when taking damage.


Message History

Your crimson imp disappears in a puff of smoke!
The deep elf knight mumbles some strange words.
The deep elf knight seems to speed up.
You hear a shout!
You barely miss the deep elf blademaster with the +6 broad axe of the Vaults.
Your headbutt misses the deep elf blademaster.
The deep elf blademaster is almost dead.
You closely miss the deep elf blademaster with your +5 broad axe of holy wrath.
The deep elf knight shoots an arrow.
The arrow misses you.
The deep elf blademaster hits you but does no damage.
The deep elf blademaster hits you with a +0 rapier!
Your iron imp completely misses the deep elf blademaster.
You slice the deep elf blademaster with the +6 broad axe of the Vaults!!
You freeze the deep elf blademaster.
You kill the deep elf blademaster!
You are now a favourite toy of Xom.
The deep elf knight shoots an arrow.
The arrow is repelled.
You hit the +3 antimagic triple sword but do no damage.
You headbutt the +3 antimagic triple sword, but do no damage.
You hit the +3 antimagic triple sword but do no damage.
The deep elf knight shoots an arrow.
The arrow completely misses you.
The +3 antimagic triple sword hits you!!
* * * LOW HITPOINT WARNING * * *
You feel your power leaking away.
A deep elf knight comes into view.
You swap places.
Your quasit disappears in a puff of smoke!
Your iron imp disappears in a puff of smoke!
Your iron imp closely misses the +3 antimagic triple sword.
Okay, then.
You feel yourself speed up.
The +3 antimagic triple sword hits you!!
* * * LOW HITPOINT WARNING * * *
You feel your power leaking away.
Your iron imp completely misses the +3 antimagic triple sword.
The wailing of tortured souls fills the air!
The +3 antimagic triple sword attacks as it pursues you!
The +3 antimagic triple sword hits you!!
You die...
Xom cackles wildly!

##..........))).. .......
#..........##... ..e....
##..........##... .......
#..........###... ....e..
##........## #... ....e..
#...)....# #.⌠. .......##
##........# #...
........###..........# ##..
(.......)(@...........# ##.
.?.......5............# ##
%.....................# #
.....................##
....###.....###.....## ###
...# ##...## #...## ##.#
### ##### #### #...
########### #########...
#.......<.######).##.#.....


You could see a +3 antimagic triple sword (ally target) and a friendly iron imp
(summoned).

Vanquished Creatures
  A deep elf blademaster (Elf:2)
  Asterion (Elf:2)
  Gastronok (D:9)
  Roxanne (Elf:2)
  2 deep elf sorcerers (Elf:2)
  3 orc warlords
  A deep elf demonologist (Elf:1)
  A deep elf annihilator (Elf:2)
  The ghost of topfpfpflanze the Fighter, a journeyman OpFi of Gozag (Orc:2)
  The ghost of Bapho the Fencer, a journeyman DrBe of Trog (Lair:2)
  The ghost of MoltyBleed the Arsonist, a journeyman DrFE of Sif Muna (Lair:2)
  A deep elf high priest (Elf:2)
  4 vault guards (D:13)
  A hydra (D:13)
  A death knight (D:11)
  Erica (D:9)
  2 boulder beetles
  15 dancing weapons
  6 two-headed ogres
  5 orc high priests
  Urug (Lair:2)
  2 death yaks (Lair:1)
  5 deep elf knights (Elf:2)
  4 deep elf archers (Elf:2)
  13 deep elf pyromancers
  2 obsidian bats
  6 orc knights
  5 orc sorcerers
  6 deep elf zephyrmancers
  2 manticores
  4 ugly things
  6 cyclopes
  A salamander (Lair:3)
  A meliai (D:12)
  10 elephants
  A water nymph (Elf:2)
  A kobold blastminer (Orc:1)
  2 black mambas
  4 cane toads
  2 gargoyles (D:12)
  3 kobold demonologists
  3 unseen horrors
  4 komodo dragons
  A rime drake (Lair:3)
  A merfolk (D:9)
  A troll (shapeshifter) (Elf:2)
  9 trolls
  A polar bear (Lair:1)
  A queen bee (Orc:1)
  15 blink frogs
  An air elemental (Elf:2)
  2 shadows
  2 water elementals (Elf:2)
  2 vampires (D:12)
  2 slime creatures
  A fire elemental (Elf:1)
  2 wraiths
  6 wyverns
  A basilisk (D:12)
  8 yaks
  7 wargs
  A steam dragon (Lair:3)
  7 vampire mosquitoes
  A naga (Lair:3)
  An acid dragon (D:12)
  12 water moccasins
  42 orc warriors
  An ice beast (D:6)
  2 sky beasts
  A black bear (D:6)
  5 ogres
  A crocodile (D:11)
  A boggart (D:11)
  27 wolves
  3 centaurs
  A phantom (D:5)
  7 kobold brigands
  5 gnoll sergeants
  A scorpion (D:5)
  10 bullfrogs
  An earth elemental (Elf:2)
  2 wights
  26 killer bees
  A water moccasin skeleton (D:5)
  A howler monkey (D:8)
  A centaur zombie (D:5)
  4 bullfrog zombies (D:5)
  3 hounds
  2 bombardier beetles
  A human zombie (D:5)
  4 jellies
  A sleepcap (D:5)
  27 orc priests
  3 iguanas
  A spectral orc (Orc:2)
  28 orc wizards
  2 troll simulacra (Orc:2)
  6 ogre zombies (Orc:1)
  A hound skeleton (D:5)
  3 howler monkey zombies (D:5)
  19 gnolls
  6 adders
  An ogre simulacrum (Orc:2)
  A shadow imp (D:6)
  4 ufetubi
  An orc simulacrum (Orc:2)
  3 ribbon worms
  104 orcs
  7 ball pythons
  10 endoplasms
  14 giant cockroaches
  5 hobgoblins
  7 jackals
  2 quokkas (D:5)
  7 bats
  5 frilled lizards
  37 kobolds
  4 rats
  A spectral weapon (Elf:2)
686 creatures vanquished.

Vanquished Creatures (collateral kills)
  A two-headed ogre (D:11)
  A manticore (D:11)
  2 ugly things (D:11)
  2 kobold demonologists (D:11)
  A yaktaur (D:11)
  A slime creature (D:11)
  A vampire mosquito (D:11)
  A steam dragon (D:8)
  Grum (D:11)
  A water moccasin (D:6)
  A bullfrog (D:8)
  A jelly (D:6)
  An orc priest (Orc:1)
  An iguana (D:6)
  A gnoll (D:7)
  A white imp (D:6)
  6 kobolds
24 creatures vanquished.

Vanquished Creatures (others)
  A shadow (D:13)
  A quokka zombie (D:5)
2 creatures vanquished.

Grand Total: 712 creatures vanquished

Notes
Turn   | Place    | Note
-------+----------+-------------------------------------------
     0 | D:1      | P0WERM0DE the Coglin Chaos Knight began the quest for the
                  | Orb.
     0 | D:1      | Reached XP level 1. HP: 18/18 MP: 1/1
    19 | D:1      | XOM: silly message
    56 | D:1      | Reached XP level 2. HP: 21/24 MP: 2/2
   256 | D:1      | XOM: silly message
   363 | D:1      | XOM: cloud trail
   414 | D:1      | Reached XP level 3. HP: 29/29 MP: 3/3
   797 | D:2      | Found a faded altar of an unknown god.
   882 | D:2      | XOM: silly message
   902 | D:2      | XOM: silly message
   956 | D:2      | Reached skill level 4 in Fighting
   956 | D:2      | Reached XP level 4. HP: 23/37 MP: 4/4
  1156 | D:3      | XOM: noise
  1284 | D:3      | XOM: cast spell 'Olgreb's Toxic Radiance'
  1586 | D:3      | Identified the +7 whip "Juanirro" {elec, rElec rC- Str+7
                  | Dex-3}
  1653 | D:3      | Reached XP level 5. HP: 43/43 MP: 5/5
  1682 | D:3      | XOM: god gift: dire flail {god gift}
  1683 | D:3      | Identified a scroll of acquirement
  1742 | D:4      | XOM: summons 3 hostile demons
  1802 | D:4      | XOM: scenery: summon butterflies
  1954 | D:4      | Noticed a wyvern
  1956 | D:4      | XOM: blink monster(s)
  1960 | D:4      | Killed a wyvern
  1961 | D:4      | Reached skill level 5 in Fighting
  1961 | D:4      | Reached skill level 5 in Axes
  1961 | D:4      | Reached XP level 6. HP: 13/51 MP: 6/6
  2318 | D:4      | XOM: give mutations
  2318 | D:4      | Gained mutation: You have a pair of small horns on your
                  | head. [Xom's mischief]
  2318 | D:4      | Gained mutation: Your system is resistant to poisons.
                  | (rPois) [Xom's mischief]
  2338 | D:5      | Entered Level 5 of the Dungeon
  2477 | D:5      | Noticed a two-headed ogre
  2482 | D:5      | Reached XP level 7. HP: 57/57 MP: 7/7
  2487 | D:5      | Killed a two-headed ogre
  2488 | D:5      | Reached skill level 7 in Fighting
  2488 | D:5      | Reached XP level 8. HP: 67/67 MP: 8/8
  2633 | D:6      | XOM: polymorph howler monkey -> water moccasin
  2645 | D:6      | XOM: summons 5 friendly demons
  2648 | D:6      | Reached skill level 8 in Fighting
  2677 | D:6      | Reached XP level 9. HP: 17/75 MP: 9/9
  2703 | D:6      | Acquired a manual of Spellcasting
  2705 | D:6      | Acquired the +6 broad axe of the Vaults {freeze, Str+4
                  | Int+6}
  2911 | D:5      | XOM: god gift: dagger {god gift}
  2921 | D:5      | XOM: noise
  2935 | D:5      | Reached skill level 9 in Fighting
  3002 | D:5      | Learned a level 2 spell: Blink
  3009 | D:5      | Found an ancient bone altar of Kikubaaqudgha.
  3013 | D:5      | Reached skill level 1 in Spellcasting
  3114 | D:5      | XOM: give mutations
  3114 | D:5      | Gained mutation: Your mind is acute. (Int +4, Str/Dex -1)
                  | [Xom's grace]
  3114 | D:5      | Gained mutation: Your muscles are strong. (Str +4, Int/Dex
                  | -1) [Xom's grace]
  3114 | D:5      | Gained mutation: You have supernaturally acute eyesight.
                  | (SInv) [Xom's grace]
  3114 | D:5      | Gained mutation: You are robust. (+10% HP) [Xom's grace]
  3212 | D:5      | Found a staircase to the Ecumenical Temple.
  3237 | Temple   | Entered the Ecumenical Temple
  3437 | D:7      | XOM: summons 7 friendly demons
  3464 | D:7      | Learned a level 3 spell: Frozen Ramparts
  3552 | D:8      | Reached skill level 10 in Fighting
  3552 | D:8      | Reached XP level 10. HP: 90/93 MP: 15/15
  3556 | D:8      | Reached skill level 10 in Axes
  3725 | D:7      | Found a hide-covered altar of Uskayaw.
  3797 | D:9      | Noticed a kobold demonologist
  3803 | D:9      | Killed a kobold demonologist
  3816 | D:9      | Reached skill level 5 in Spellcasting
  3925 | D:9      | Found a flagged portal.
  3944 | Bailey   | Entered a bailey
  3949 | Bailey   | Noticed an orc warlord
  3979 | Bailey   | XOM: silly message
  4009 | Bailey   | Found a runed translucent gate.
  4011 | Bailey   | Found a runed translucent gate.
  4012 | Bailey   | Found a runed translucent gate.
  4087 | Bailey   | XOM: potion effect (brilliance)
  4088 | Bailey   | XOM: cast spell 'Summon Hydra'
  4095 | Bailey   | Killed an orc warlord
  4122 | Bailey   | Identified the +3 scale mail "Xukeus" {Int+3}
  4188 | D:9      | Reached skill level 11 in Fighting
  4207 | D:9      | Noticed a cyclops
  4211 | D:9      | Killed a cyclops
  4223 | D:9      | Found a staircase to the Orcish Mines.
  4395 | D:9      | Noticed a kobold demonologist
  4397 | D:9      | Noticed an orange demon
  4401 | D:9      | Reached XP level 11. HP: 102/102 MP: 20/22
  4481 | D:9      | Noticed Gastronok
  4483 | D:9      | Noticed Erica
  4488 | D:9      | XOM: polymorph hobgoblin -> river rat
  4494 | D:9      | Killed Erica
  4495 | D:9      | XOM: polymorph river rat -> orc
  4500 | D:9      | Killed Gastronok
  4513 | D:9      | Acquired a +1 broad axe of holy wrath
  4515 | D:9      | Found a radiant altar of Vehumet.
  4709 | D:8      | XOM: enchant monster (good)
  4717 | D:8      | Found a staircase to the Lair.
  4735 | Lair:1   | Entered Level 1 of the Lair of Beasts
  4905 | Lair:2   | XOM: scenery: create altars
  4906 | Lair:2   | Reached skill level 12 in Fighting
  4908 | Lair:2   | Noticed a bog body
  4911 | Lair:2   | Noticed a bog body
  4932 | Lair:2   | Found a staircase to the Swamp.
  4932 | Lair:2   | XOM: swap monsters
  4933 | Lair:2   | Noticed a death yak
  4933 | Lair:2   | Noticed a death yak
  4936 | Lair:2   | Noticed a death yak
  4938 | Lair:2   | Noticed a death yak
  4951 | Lair:1   | Killed a death yak
  4956 | Lair:1   | Killed a death yak
  5169 | Lair:1   | You fall into a shaft and drop 1 floor!
  5176 | Lair:2   | XOM: enchant monster (bad)
  5186 | Lair:2   | XOM: confusion
  5224 | Lair:2   | Noticed Urug
  5238 | Lair:2   | Killed Urug
  5239 | Lair:2   | Reached skill level 10 in Spellcasting
  5239 | Lair:2   | Reached XP level 12. HP: 51/113 MP: 24/26
  5270 | Lair:2   | Found a runed translucent gate.
  5271 | Lair:2   | Found a runed translucent gate.
  5271 | Lair:2   | Found a runed translucent gate.
  5272 | Lair:2   | Noticed MoltyBleed's ghost (journeyman DrFE)
  5272 | Lair:2   | Noticed Bapho's ghost (journeyman DrBe)
  5413 | Lair:2   | Killed Bapho's ghost
  5421 | Lair:2   | XOM: confuse monster(s)
  5424 | Lair:2   | Killed MoltyBleed's ghost
  5450 | Lair:2   | Noticed a boulder beetle
  5456 | Lair:2   | Killed a boulder beetle
  5485 | Lair:3   | Reached skill level 13 in Fighting
  5617 | Lair:4   | XOM: confuse monster(s)
  5713 | Lair:4   | Got the Catalogue of Angles and Beckoning
  5729 | Lair:4   | Reached skill level 1 in Evocations
  5746 | Lair:4   | Learned a level 4 spell: Olgreb's Toxic Radiance
  5793 | Lair:5   | Entered Level 5 of the Lair of Beasts
  5793 | Lair:5   | Noticed a skyshark
  5813 | Lair:4   | Reached skill level 1 in Alchemy
  6071 | Lair:4   | Found a staircase to the Slime Pits.
  6180 | Lair:4   | Reached skill level 14 in Fighting
  6407 | Lair:3   | Reached XP level 13. HP: 113/124 MP: 28/28
  6433 | Lair:3   | Reached skill level 5 in Evocations
  6505 | Lair:3   | XOM: polymorph polar bear -> salamander
  6520 | Lair:3   | XOM: noise
  6596 | Lair:3   | Found a staircase to the Snake Pit.
  6664 | Lair:1   | XOM: noise
  6707 | D:10     | Entered Level 10 of the Dungeon
  6718 | D:10     | XOM: 1-stop teleportation journey
  6721 | D:10     | XOM: divination: detect creatures
  6751 | D:10     | XOM: scenery: 3 doors open
  6892 | D:10     | Found a blossoming altar of Fedhas.
  6906 | D:10     | Found a sparkling altar of Nemelex Xobeh.
  6922 | D:10     | XOM: silly message
  7025 | D:10     | Reached skill level 15 in Fighting
  7152 | D:11     | XOM: stealth player
  7181 | D:11     | XOM: polymorph cyclops -> crocodile
  7190 | D:11     | Reached skill level 5 in Alchemy
  7212 | D:11     | XOM: 1-stop teleportation journey
  7225 | D:11     | Noticed Grum
  7538 | D:11     | XOM: chaos cloud
  7605 | D:11     | Killed Grum
  7666 | D:11     | Learned a level 4 spell: Vhi's Electric Charge
  7680 | D:11     | Reached skill level 1 in Air Magic
  7763 | D:11     | XOM: stat loss: -1 Dex (10/11)
  7874 | D:11     | XOM: summons 2 hostile demons
  7889 | D:11     | XOM: god gift: 47 gold pieces
  8009 | D:12     | XOM: confusion (+ monsters)
  8091 | D:12     | XOM: summons 1 hostile demon
  8093 | D:12     | XOM: blink monster(s)
  8102 | D:12     | Reached skill level 16 in Fighting
  8138 | D:12     | Reached XP level 14. HP: 82/137 MP: 29/29
  8138 | D:12     | Acquired a neosecondary compensator {rC+ Will+ Clar RMsl}
  8432 | D:13     | Found a gate to the Vaults.
  8444 | D:13     | Reached skill level 5 in Air Magic
  8532 | D:13     | XOM: scenery: 1 doors open, 1 doors close
  8541 | D:12     | Found Kaxaenet's Antique Weapon Shop.
  8873 | D:12     | XOM: torment (70/138 hp)
  8893 | D:12     | XOM: enchant monster (good)
  8964 | D:12     | XOM: silly message
  9277 | Orc:1    | Entered Level 1 of the Orcish Mines
  9309 | Orc:1    | XOM: give mutations
  9309 | Orc:1    | Gained mutation: Your flesh is cold resistant. (rC+) [Xom's
                  | grace]
  9309 | Orc:1    | Gained mutation: You possess an exceptional clarity of
                  | mind. [Xom's grace]
  9352 | Orc:2    | Entered Level 2 of the Orcish Mines
  9379 | Orc:2    | Found a runed translucent gate.
  9379 | Orc:2    | Found a runed translucent gate.
  9382 | Orc:2    | Found a runed translucent gate.
  9384 | Orc:2    | Noticed topfpfpflanze's ghost (journeyman OpFi)
  9400 | Orc:2    | Killed topfpfpflanze's ghost
  9449 | Orc:2    | Found Huribliw's General Store.
  9449 | Orc:2    | Found Gedau's Book Boutique.
  9449 | Orc:2    | Noticed an orc warlord
  9449 | Orc:2    | XOM: 4-stop teleportation journey
  9450 | Orc:2    | Found Xutsaeci's Antique Armour Boutique.
  9450 | Orc:2    | Found Murphuis's Antique Weapon Shop.
  9453 | Orc:2    | XOM: cast spell 'Summon Small Mammal'
  9455 | Orc:2    | Reached skill level 10 in Evocations
  9456 | Orc:2    | Reached skill level 17 in Fighting
  9456 | Orc:2    | Reached skill level 15 in Axes
  9456 | Orc:2    | Killed an orc warlord
  9457 | Orc:2    | XOM: enchant monster (good)
  9462 | Orc:2    | Bought a pair of distressingly furry boots for 266 gold
                  | pieces
  9462 | Orc:2    | Identified the +1 pair of boots of Duck's Teeth {-Tele
                  | Regen+ MP-9 Int+6} (You bought it in a shop on level 2 of
                  | the Orcish Mines)
  9472 | Orc:2    | XOM: enchant monster (good)
  9531 | Orc:2    | Bought a book of Party Tricks for 330 gold pieces
  9533 | Orc:2    | Learned a level 1 spell: Apportation
  9538 | Orc:2    | Bought a potion of magic for 104 gold pieces
  9596 | Orc:2    | XOM: enchant monster (bad)
  9597 | Orc:2    | XOM: silly message
  9773 | Orc:2    | Found a staircase to the Elven Halls.
  9899 | Orc:1    | Noticed an orc warlord
  9903 | Orc:1    | Reached XP level 15. HP: 128/147 MP: 7/30
  9921 | Orc:1    | Killed an orc warlord
 10183 | Elf:1    | Entered Level 1 of the Elven Halls
 10306 | Elf:1    | XOM: summons friendly iron imp
 10463 | Elf:2    | Noticed Roxanne
 10487 | Elf:2    | Killed Roxanne
 10508 | Elf:2    | XOM: confuse monster(s)
 10524 | Elf:2    | Got Cymeorur's Disquisition on Hurting
 10545 | Elf:2    | Found Nalampu's Magic Scroll Boutique.
 10546 | Elf:2    | Found Daupto's Antique Weapon Shoppe.
 10551 | Elf:2    | XOM: summons friendly iron imp
 10552 | Elf:2    | XOM: confuse monster(s)
 10553 | Elf:2    | Reached skill level 1 in Shapeshifting
 10555 | Elf:2    | Noticed a deep elf sorcerer
 10560 | Elf:2    | XOM: cast spell 'Iskenderun's Battlesphere'
 10568 | Elf:2    | Killed a deep elf sorcerer
 10568 | Elf:2    | XOM: polymorph deep elf archer -> water nymph
 10597 | Elf:2    | Bought a scroll of identify for 26 gold pieces
 10597 | Elf:2    | Bought a scroll of identify for 26 gold pieces
 10597 | Elf:2    | Bought a scroll of enchant weapon for 97 gold pieces
 10597 | Elf:2    | Bought a scroll of poison for 52 gold pieces
 10597 | Elf:2    | Bought a scroll of teleportation for 39 gold pieces
 10597 | Elf:2    | Bought a scroll of poison for 52 gold pieces
 10599 | Elf:2    | XOM: polymorph deep elf pyromancer -> cyclops
 10648 | Elf:2    | Found Dag Yggo's General Store.
 10677 | Elf:2    | Bought a potion of haste for 190 gold pieces
 10677 | Elf:2    | Bought a potion of curing for 57 gold pieces
 10677 | Elf:2    | Bought a scroll of amnesia for 76 gold pieces
 10735 | Elf:2    | XOM: torment (76/149 hp)
 10738 | Elf:2    | XOM: chaos upgrade
 10745 | Elf:2    | Reached skill level 18 in Fighting
 10750 | Elf:2    | XOM: cast spell 'Leda's Liquefaction'
 10755 | Elf:2    | XOM: blink monster(s)
 10761 | Elf:2    | Noticed a deep elf sorcerer
 10762 | Elf:2    | XOM: confuse monster(s)
 10767 | Elf:2    | XOM: noise
 10770 | Elf:2    | Killed a deep elf sorcerer
 10840 | Elf:2    | XOM: noise
 10855 | Elf:2    | Found Viffynle's Armour Boutique.
 11086 | Elf:2    | XOM: give mutations
 11086 | Elf:2    | Gained mutation: You expend magic power (3 MP) to
                  | strengthen your wands. [Xom's mischief]
 11086 | Elf:2    | Lost mutation: You expend magic power (3 MP) to strengthen
                  | your wands. [Xom's mischief]
 11086 | Elf:2    | Gained mutation: You occasionally lose the ability to read
                  | scrolls when taking damage. [Xom's mischief]
 11088 | Elf:2    | Found a runed translucent gate.
 11089 | Elf:2    | Found a runed translucent gate.
 11089 | Elf:2    | Found a runed translucent gate.
 11094 | Elf:2    | Noticed Asterion
 11104 | Elf:2    | XOM: destruction
 11105 | Elf:2    | Killed Asterion
 11106 | Elf:2    | Reached XP level 16. HP: 87/157 MP: 22/31
 11112 | Elf:2    | Reached skill level 5 in Shapeshifting
 11150 | Elf:2    | XOM: cast spell 'Fugue of the Fallen'
 11152 | Elf:2    | XOM: summons 16 friendly demons
 11178 | Elf:2    | Noticed a deep elf blademaster
 11180 | Elf:2    | XOM: cleaving
 11188 | Elf:2    | Killed a deep elf blademaster
 11191 | Elf:2    | HP: 5/157 [+3 antimagic triple sword (34)]
 11192 | Elf:2    | Demolished by a +3 antimagic triple sword

Illustrated notes

Levels and vault maps discovered:
D:1:      ebering_trefoil_3fold, layout_basic, minmay_shallow_snake_nest
D:2:      layout_loops_ring, hellmonk_ecumenical_altar_blasted,
          ebering_dispersal_statue_hall, nicolae_underground_beach
D:3:      minmay_roachtagon, layout_basic, minmay_fountain_box,
          kennysheep_doodads, serial_bayou_pond_c
D:4:      layout_loops_cross, serial_co_window_serial, co_window_paths_a,
          co_window_corner_a, co_window_paths_b, co_window_paths_a,
          co_window_paths_a, co_window_of_opportunity_a, co_window_paths_b,
          co_window_unsneaky_path_a, co_window_2corner, co_window_cross_2,
          glass_columns_a
D:5:      layout_basic, lemuel_mausoleum_altar_kikubaaqudgha,
          minmay_temple_entry_proselytizer, minmay_manual_monstrance
D:6:      layout_cave_pools
D:7:      layout_basic, nicolae_uskayaw_murder_on_the_dancefloor,
          riverfiend_overflow_shadow_ancestor, kennysheep_another_room
D:8:      layout_basic, dpeg_oklobed_lair, uniq_joseph
D:9:      layout_basic, vehumet_altar_wand_db, erik_orc_3, enter_bailey_6,
          serial_glass, glass_columns_b, glass_columns_b, hangedman_fish_farm,
          uniq_gastronok, uniq_erica
D:10:     layout_roguey, jmf_multi_god_temple
D:11:     minmay_the_grid_four_pointed_star_mashed
          [minmay_the_grid_triangle_9x9_zippers_horizontal,
          minmay_the_grid_triangle_9x9_sprig,
          minmay_the_grid_triangle_9x9_intruding_spiral,
          minmay_the_grid_triangle_9x9_corruption,
          minmay_the_grid_prize_big_room], layout_rooms, uniq_grum
D:12:     minmay_ornate_pinched, layout_irregular_city, serial_shops,
          nicolae_take_the_stairs, minmay_misc_feat_chi, hex_tiny
D:13:     layout_gridville, lightli_vaults_fourway_checkpoint
Temple:   nicolae_temple_bog_church
Lair:1:   layout_roguey, portal_ice_cave_entry_imps
Lair:2:   layout_loops_ring, skrybe_swamp_entry_bodies,
          gammafunk_ghost_cemetery, minmay_lindwurm_lava, uniq_harold, uniq_urug
Lair:3:   layout_loops_ring, guppyfry_snake_entry_garden, uniq_amaemon
Lair:4:   layout_regular_city, slime_entry_1, serial_bayou_shore_b
Lair:5:   minmay_lair_end_frog_pond, layout_layer_cave
Orc:1:    lemuel_ogre_cave, layout_caves, serial_shops, special_room
          [special_room_bee]
Orc:2:    st_orc_congregation, layout_diamond_mine, gammafunk_ghost_necromancy,
          regret_index_minedec_shroomtown_chain
Elf:1:    eino_elf_arrival_shootout, layout_geoelf_diagonals,
          kennysheep_underground_church
Elf:2:    nicolae_elf_blades_crystal_corner, layout_loops_corners, serial_shops,
          shop, nicolae_diamond_shop, shop, shop, uniq_asterion, uniq_roxanne

Skill      XL: |  1  2  3  4  5  6  7  8  9 10 11 12 13 14 15 16 |
---------------+-------------------------------------------------+-----
Fighting       | 4 5 7 8 10 11 12 14 16 17 18 | 18.0
Axes           | 4 5 7 8 9 11 12 13 14 15 16 | 16.9
Spellcasting   | 3 7 10 11 | 11.1
Evocations     | 4 8 11 | 11.9
Alchemy        | 3 6 |  6.0
Air Magic      | 3 8 9 |  9.3
Shapeshifting  | 4 5 |  5.5
Armour         | |  1.7
Dodging        | |  0.8

Action                     |  1- 3 |  4- 6 |  7- 9 | 10-12 | 13-15 | 16-18 || total
---------------------------+-------+-------+-------+-------+-------+-------++-------
  Melee: Hand axe          |   107 |    73 |    36 |       |       |       ||   216
         Dagger            |    93 |    36 |       |       |       |       ||   129
         Whip              |       |    45 |   107 |   227 |   401 |       ||   780
         Headbutt          |       |     3 |    24 |    47 |   111 |     6 ||   191
         Broad axe         |       |       |    72 |   239 |   463 |    54 ||   828
  Throw: Dart              |       |       |     3 |    33 |     9 |     1 ||    46
   Cast: Olgreb's Toxic Ra |       |       |       |       |    42 |       ||    42
         Apportation       |       |       |       |       |     1 |       ||     1
Ability: Invent Gizmo      |       |       |       |       |     1 |       ||     1
  Evoke: Wand              |       |       |       |       |    13 |       ||    13
    Use: Scroll            |     3 |     3 |     6 |    10 |    12 |       ||    34
         Potion            |       |       |     1 |     6 |    12 |     1 ||    20
   Stab: Paralysed         |     2 |     2 |     1 |       |     7 |       ||    12
         Petrified         |     2 |       |       |       |     6 |       ||     8
         Confused          |       |       |       |     4 |     3 |       ||     7
         Invisible         |       |       |       |     4 |     7 |       ||    11
 Armour: Leather armour    |    67 |    63 |    89 |    27 |       |       ||   246
         Scale mail        |       |       |       |   173 |   117 |       ||   290
         Troll leather arm |       |       |       |       |   269 |    20 ||   289
  Dodge: Dodged            |    57 |    56 |    49 |    98 |   203 |     9 ||   472
         Repelled          |       |       |       |       |    33 |     2 ||    35

Table legend: (Time is in decaauts)
 A = Elapsed time spent in this place.
 B = Non-inter-level travel time spent in this place.
 C = Inter-level travel time spent in this place.
 D = Time resting spent in this place.
 E = Time spent auto-exploring this place.
 F = Levels seen in this place.
 G = Mean time per level.
                   A        B        C        D        E       F      G
               +--------+--------+--------+--------+--------+-----+--------+
         Total |  11034 |  10582 |    452 |   1132 |   4095 |  24 |  459.8 |
       Dungeon |   7066 |   6739 |    327 |    616 |   3271 |  13 |  543.5 |
        Temple |      1 |      1 |      0 |      0 |      0 |   1 |    1.0 |
          Lair |   1925 |   1864 |     61 |    482 |    338 |   5 |  385.0 |
  Orcish Mines |    876 |    817 |     59 |     28 |      5 |   2 |  438.0 |
   Elven Halls |    963 |    959 |      4 |      6 |    481 |   2 |  481.5 |
        Bailey |    200 |    200 |      0 |      0 |      0 |   1 |  200.0 |
               +--------+--------+--------+--------+--------+-----+--------+

Top non-repeatable levels by time:
    D:10: 796 daAuts
     D:5: 759 daAuts
     D:9: 736 daAuts
   Elf:2: 704 daAuts
    D:12: 691 daAuts
    D:11: 687 daAuts
     D:4: 643 daAuts
     D:3: 635 daAuts
  Lair:4: 619 daAuts
     D:2: 543 daAuts
     D:1: 524 daAuts
   Orc:2: 498 daAuts
  Lair:3: 489 daAuts
  Lair:1: 455 daAuts
   Orc:1: 377 daAuts
